 Dungeon Crawl Stone Soup version 0.25.1-2-g60ff931df9 (webtiles) character file.

Game seed: 6775634288853501886

336 axecop the Ruffian (level 6, -5/47 HPs)
             Began as a Demonspawn Abyssal Knight on Nov 6, 2020.
             Was a Believer of Lugonu.
             Slain by an ogre
             ... wielding a +0 giant spiked club
              (10 damage)
             ... on level 4 of the Dungeon.
             The game lasted 00:04:47 (4836 turns).

axecop the Ruffian (Demonspawn Abyssal Knight)      Turns: 4836, Time: 00:04:48

Health: -5/47      AC:  7    Str: 15    XL:     6   Next: 28%
Magic:  7/7        EV: 11    Int: 13    God:    Lugonu [**....]
Gold:   203        SH:  0    Dex: 12    Spells: 5/5 levels left

rFire    . . .     SeeInvis .   a - +1 falchion
rCold    . . .     Gourm    .   (no shield)
rNeg     . . .     Faith    .   t - +1 leather armour {MR+}
rPois    .         Spirit   .   n - +2 hat
rElec    .         Reflect  .   q - +0 cloak
rCorr    .         Harm     .   (no gloves)
MR       +....                  (no boots)
Stlth    +.........             o - amulet of magic regeneration
HPRegen  0.15/turn              (no ring)
MPRegen  0.35/turn              (no ring)

@: no status effects
A: antennae 1, claws 1, hooves 1, demonic guardian 1
a: Depart the Abyss, Bend Space, Renounce Religion


You were on level 4 of the Dungeon.
You worshipped Lugonu.
Lugonu was pleased with you.
You were hungry.

You visited 1 branch of the dungeon, and saw 4 of its levels.
You visited the Abyss 1 time.

You collected 203 gold pieces.

Inventory:

Hand Weapons
 a - a +1 falchion (weapon)
 m - a +0 hunting sling
Missiles
 v - 17 sling bullets
Armour
 b - a +0 leather armour
 i - a +0 pair of boots
 n - a +2 hat (worn)
 q - a +0 cloak (worn)
 t - a +1 leather armour of magic resistance (worn)
Jewellery
 o - an amulet of magic regeneration (around neck)
Wands
 y - a wand of enslavement (10)
Scrolls
 j - a scroll of amnesia {unknown}
 k - a scroll of remove curse {unknown}
 l - 4 scrolls of identify
 w - a scroll of fear
 x - a scroll of teleportation {unknown}
Potions
 d - a potion of invisibility {unknown}
 e - a potion of mutation {unknown}
 f - a potion of cancellation {unknown}
 g - 2 potions of haste {unknown}
 p - 2 potions of magic
 r - a potion of ambrosia
 u - 2 potions of might
Comestibles
 c - 7 rations


   Skills:
 - Level 3.0 Fighting
 - Level 2.5 Long Blades
 - Level 1.7 Armour
 - Level 0.8 Dodging
 + Level 5.4 Unarmed Combat
 - Level 2.4 Invocations


You had 5 spell levels left.
You didn't know any spells.
Your spell library contained the following spells:

 Spells                   Type           Power        Failure   Level  Hunger
 Confusing Touch          Hex            #.......     75%         3    ####...
 Gell's Gravitas          Tloc           #.........   75%         3    ####...
 Petrify                  Tmut/Erth      #.......     98%         4    #####..
 Metabolic Englaciation   Hex/Ice        #.........   100%        5    ######.
 Yara's Violent Unravell  Hex/Tmut       #.........   100%        5    ######.


Dungeon Overview and Level Annotations

Branches:
Dungeon (4/15)
 Temple: D:4-7

Altars:
Fedhas
Makhleb
Trog
Vehumet
The Shining One


Innate Abilities, Weirdness & Mutations

You have a pair of small antennae on your head.
You have sharp fingernails.
You have large cloven feet.
A weak demonic guardian rushes to your aid.


Message History

Your demonic guardian avoids your attack.
The javelin closely misses the ogre.
Your white imp hits the ogre but does no damage.
The ogre hits your white imp with a +0 giant spiked club!
Your white imp dies!
The ogre shouts!
Throwing (i - inventory)
h - a javelin (quivered)
Press: ? - help, Shift-Dir - straight line, f/p - ogre
Aim: an ogre, wielding a +0 giant spiked club (severely wounded)
You throw a javelin.
The javelin pierces through the ogre but does no damage.
The ogre is severely wounded.
You hit the ogre.
The ogre is severely wounded.
The ogre hits you with a +0 giant spiked club!
* * * LOW HITPOINT WARNING * * *
You hit the ogre.
The ogre is almost dead.
The ogre hits you with a +0 giant spiked club!
You die...

..##....# ♣♣.....♣♣ #..#..).#
♣♣.......♣♣ ##......# ♣...≈≈≈...♣
#....÷..# #.)≈≈≈≈≈..# #.#>#####
#O5≈≈♣≈≈..# ..#..# #..≈≈≈≈≈..#
.###.# #...≈≈≈...# ..##.##
########.(......##
......########..@O...(#......#
.####........#.##########.##.##
...............######## #..#..#
#####.######..........###..##.###
#..# #######.........##....
##.>## ##.....##....##...###
#..####..#####..##....#.#
#......####...###.####.#
#...###.....###...# #.#


You could see an ogre.

Vanquished Creatures
  2 phantoms (D:4)
  5 adders
  An ooze (D:1)
  2 worms (D:3)
  A dart slug (D:4)
  2 leopard geckos
  3 orcs (D:3)
  3 bats
  3 giant cockroaches
  9 goblins
  5 hobgoblins
  4 jackals (D:1)
  4 kobolds
  3 quokkas
  A ball python (D:4)
  3 frilled lizards
  A leopard gecko skeleton (D:4)
  3 rats
55 creatures vanquished.

Vanquished Creatures (collateral kills)
  An ogre (D:4)
  A hound (D:2)
2 creatures vanquished.

Grand Total: 57 creatures vanquished

Notes
Turn   | Place    | Note
-------+----------+-------------------------------------------
     0 | Abyss:1  | axecop the Demonspawn Abyssal Knight began the quest for
                  | the Orb.
     0 | Abyss:1  | Reached XP level 1. HP: 18/18 MP: 2/2
    25 | Abyss:1  | Noticed a wretched star
    36 | D:1      | Escaped the Abyss
   440 | D:2      | Found a radiant altar of Vehumet.
   461 | D:2      | Found a blossoming altar of Fedhas.
   472 | D:2      | Reached * piety under Lugonu
   472 | D:2      | Gained mutation: You have sharp fingernails. [demonic
                  | ancestry]
   472 | D:2      | Reached XP level 2. HP: 20/24 MP: 3/3
   536 | D:2      | Reached skill level 1 in Unarmed Combat
  1161 | D:1      | Gained mutation: A weak demonic guardian rushes to your
                  | aid. [demonic ancestry]
  1161 | D:1      | Reached XP level 3. HP: 25/29 MP: 4/4
  1528 | D:1      | Reached skill level 2 in Unarmed Combat
  2405 | D:2      | Found a burning altar of Makhleb.
  2408 | D:2      | Reached skill level 3 in Unarmed Combat
  2408 | D:2      | Gained mutation: You have a pair of small antennae on your
                  | head. [demonic ancestry]
  2408 | D:2      | Reached XP level 4. HP: 34/35 MP: 5/5
  3072 | D:3      | Reached ** piety under Lugonu
  3737 | D:3      | Reached XP level 5. HP: 41/41 MP: 6/6
  3797 | D:3      | Found a glowing golden altar of the Shining One.
  4105 | D:4      | Found a bloodstained altar of Trog.
  4107 | D:4      | Noticed a phantom
  4149 | D:4      | Killed a phantom
  4149 | D:4      | Reached skill level 4 in Unarmed Combat
  4526 | D:4      | Noticed a phantom
  4590 | D:4      | Killed a phantom
  4590 | D:4      | Reached skill level 5 in Unarmed Combat
  4590 | D:4      | Gained mutation: You have large cloven feet. [demonic
                  | ancestry]
  4590 | D:4      | Reached XP level 6. HP: 15/47 MP: 7/7
  4836 | D:4      | Slain by an ogre

Illustrated notes

Levels and vault maps discovered:
D:1:      lemuel_arrival_cross, layout_basic, serial_bayou, serial_bayou_lake_a,
          serial_bayou_shore_a, serial_bayou_crossing, serial_bayou_lagoon_a
D:2:      layout_loops_ring, fedhas_altar_2, vehumet_crystals,
          makhleb_heckhound_becter, minivault_4
D:3:      layout_basic, nicolae_tso_swordbearing_angel, first_ration,
          minivault_5, minivault_4
D:4:      layout_rooms, elyvilon_altar_3, lemuel_crystal_altar,
          cheibriados_altar_1, cheibrodos_sewer_entry_bend, serial_park_tiny_1,
          uniq_duvessa

Skill      XL: |  1  2  3  4  5 |
---------------+----------------+-----
Long Blades    | 2 |  2.5
Unarmed Combat | 1 3 5 |  5.4
Fighting       | |  3.0
Armour         | |  1.7
Dodging        | |  0.8
Invocations    | |  2.4

Action                   |  1- 3 |  4- 6 || total
-------------------------+-------+-------++-------
Melee: Falchion          |   111 |   126 ||   237
       Punch             |     1 |     1 ||     2
       Kick              |       |     1 ||     1
Throw: Javelin           |       |     6 ||     6
Invok: Depart the Abyss  |     1 |       ||     1
  Use: Scroll            |       |     5 ||     5
       Potion            |       |     1 ||     1
 Stab: Sleeping          |     1 |     1 ||     2
  Eat: Chunk             |     5 |     7 ||    12
Armor: Leather armour    |    43 |    37 ||    80
       Skin              |       |     3 ||     3
Dodge: Dodged            |    88 |    82 ||   170
       Rpst.: Falchion   |    27 |    35 ||    62
